AoeStats
← Iamak3186

Arabia

504518345Analyzed
1v1 RM · 27d ago on Sep 5, 2026· 32m 13s· 2 players
Game mode
Random Map
Map size
Tiny (2 player)
Population
200
Speed
Normal
Resources
Standard
Victory
Conquest
Starting age
Dark Age
Ending age
Imperial Age
RankedLock teamsTeams togetherTeam positionsShared explorationLock speedFull tech treeHidden civsTurbo modeCheats
Victory
Defeat
🇨🇳 Huns · China
1211
+37
🇮🇳 Mongols · India
1219
-16
本人很暴躁
5:28 Loom
8:27 Feudal Age
9:06 Double-Bit Axe
14:07 Horse Collar
19:12 Castle Age
17:32 Gold Mining
18:40 Fletching
18:51 Padded Archer Armor
19:53 Bodkin Arrow
20:58 Husbandry
24:44 Ballistics
27:08 Stone Mining
29:07 Wheelbarrow
29:14 Town Watch
31:25 Caravan
32:11 Gold Shaft Mining
Iamak3186
7:40 Feudal Age
6:43 Loom
8:47 Double-Bit Axe
14:04 Wheelbarrow
15:11 Horse Collar
19:30 Castle Age
19:02 Scale Barding Armor
19:09 Bloodlines
19:41 Gold Mining
21:16 Wheelbarrow
21:39 Wheelbarrow
24:01 Chain Barding Armor
Connection lost

Rejoining the realm…

Still unreachable

The connection could not be restored.

Session expired

The server has moved on; the page needs a fresh start.